 Dungeon Crawl Stone Soup version 0.22.1-2-g9c5b331 (webtiles) character file.

95 magicm the Shooter (level 4, -2/49 HPs)
             Began as a Human Hunter on Nov 16, 2018.
             Slain by a goblin
             ... wielding a +0 club
             ... led by Robin
              (5 damage)
             ... on level 3 of the Dungeon.
             The game lasted 00:06:58 (1639 turns).

magicm the Shooter (Human Hunter)                   Turns: 1639, Time: 00:06:59

Health: -2/49      AC:  3    Str: 17    XL:     4   Next: 95%
Magic:  4/4        EV: 12    Int: 13    God:
Gold:   85         SH:  0    Dex: 13    Spells: 3/3 levels left

rFire    . . .     SeeInvis .   b - +1 short sword
rCold    . . .     Gourm    .   (no shield)
rNeg     . . .     Faith    .   c - +0 leather armour
rPois    .         Spirit   .   (no helmet)
rElec    .         Reflect  .   (no cloak)
rCorr    .         Harm     .   (no gloves)
MR       .....                  (no boots)
Stlth    ..........             (no amulet)
HPRegen  0.16/turn              h - ring of stealth
MPRegen  0.09/turn              (no ring)

@: berserking, very quick
A: no striking features
a: no special abilities


You were on level 3 of the Dungeon.
You were not hungry.

You visited 1 branch of the dungeon, and saw 3 of its levels.

You collected 85 gold pieces.

Inventory:

Hand Weapons
 a - a +2 shortbow
 b - a +1 short sword (weapon)
Missiles
 d - 14 arrows
Armour
 c - a +0 leather armour (worn)
Jewellery
 h - a ring of stealth (left hand)
Scrolls
 l - a scroll of teleportation
 m - 2 scrolls of remove curse
Potions
 e - a potion of haste
 i - a potion of invisibility {unknown}
 j - a potion of lignification {unknown}
 k - a potion of ambrosia {unknown}
Comestibles
 f - 4 rations


   Skills:
 + Level 2.3 Fighting
 + Level 0.3 Short Blades
 + Level 5.3 Bows
 + Level 0.4 Armour
 + Level 2.3 Dodging
 + Level 1.7 Stealth


You had 3 spell levels left.
You didn't know any spells.
Your spell library was empty.

Dungeon Overview and Level Annotations

Branches:
Dungeon (3/15)

Altars:
Fedhas


Message History

The goblin hits you but does no damage.
You hit Robin.
Robin is heavily wounded.
The goblin no longer looks unusually strong.
The goblin closely misses you. The goblin hits you but does no damage.
The hobgoblin closely misses you. The goblin hits you but does no damage.
The goblin misses you. The goblin hits you but does no damage.
Robin hits you but does no damage. The goblin closely misses you.
A red film seems to cover your vision as you go berserk!
You feel yourself moving faster!
You feel mighty! The goblin hits you but does no damage.
A giant cockroach comes into view.
The goblin closely misses you.
The hobgoblin hits you but does no damage.
The goblin barely misses you. The goblin closely misses you.
The goblin hits you but does no damage.
You puncture Robin!
You kill Robin!
The goblin hits you with a club.
You die...

#.# ## #.#####....# .
.###.......#..# ..
............# ### ...
#..........# #.. ..
#..........# #..
..##(###..........####..
.((((.ggg.....# #......
.(..(.g@)..†)## #.###..
......ggg.##)#####......
...................###..
.........###.###..## ###
..............s..##
..##########.#...# .
#.....# ##(####
.(......#


You could see a giant cockroach, a hobgoblin and 6 goblins.

Vanquished Creatures
  Robin (D:3)
  2 adders (D:2)
  2 oozes (D:1)
  2 dart slugs (D:1)
  3 leopard geckos
  2 ball pythons
  2 giant cockroaches
  14 goblins
  6 hobgoblins
  5 bats
  3 frilled lizards
  5 kobolds
  5 rats
52 creatures vanquished.

Notes
Turn   | Place    | Note
-------+----------+-------------------------------------------
     0 | D:1      | magicm the Human Hunter began the quest for the Orb.
     0 | D:1      | Reached XP level 1. HP: 16/16 MP: 1/1
    45 | D:1      | Reached XP level 2. HP: 22/22 MP: 2/2
   262 | D:1      | Reached XP level 3. HP: 27/27 MP: 3/3
   725 | D:2      | Reached skill level 5 in Bows
   792 | D:2      | Found a blossoming altar of Fedhas.
   833 | D:2      | Reached XP level 4. HP: 32/33 MP: 4/4
  1623 | D:3      | Noticed Robin
  1639 | D:3      | Killed Robin
  1639 | D:3      | Slain by a goblin

Skill      XL: |  1  2  3 |
---------------+----------+-----
Bows           | 5 |  5.3
Fighting       | |  2.3
Short Blades   | |  0.3
Armour         | |  0.4
Dodging        | |  2.3
Stealth        | |  1.7

Action                   |  1- 3 |  4- 6 || total
-------------------------+-------+-------++-------
Melee: Short sword       |    18 |    14 ||    32
 Fire: Shortbow          |    44 |    44 ||    88
  Use: Scroll            |     6 |     4 ||    10
       Potion            |       |     1 ||     1
 Stab: Sleeping          |     1 |       ||     1
  Eat: Ration            |       |     1 ||     1
Armor: Leather armour    |     1 |    15 ||    16
Dodge: Dodged            |    12 |    26 ||    38
